Devils vs Kings
Created - April 17, 2022 at 22:04
Goals
|
| Devils |
0 |
1 |
2 |
3 |
| Kings |
1 |
1 |
2 |
4 |
|
Shots
|
| Devils |
7 |
9 |
11 |
27 |
| Kings |
17 |
8 |
9 |
34 |
|
1st period
1. Kings , Patrick Kane 20 (Nathan MacKinnon 29, Joe Thornton 34) at 16:59
Penalties :
Wayne Simmonds (L.A) for Hooking (Minor) at 0:54, Anton Lander (N.J) for Delaying the game (Minor) at 4:13
2nd period
2. Devils , Jonathan Huberdeau 18 (Matt Donovan 14, Thomas Hickey 10) at 10:25
3. Kings , Patrick Kane 21 (Nathan MacKinnon 30) at 17:23
Penalties :
Seth Jones (L.A) for Boarding (Minor) at 4:42, Mike Weber (N.J) for Hooking (Minor) at 7:57, Brian McGrattan (N.J) for Hooking (Minor) at 12:50, Brady Skjei (L.A) for Roughing (Minor) at 18:53
3rd period
4. Kings , Brady Skjei 11 (Will Butcher 10, Andrei Vasilevskiy) at 1:08
5. Devils , Zach Parise 12 (Brian McGrattan 12, Jamie Arniel 21) at 2:31
6. Devils , Jonathan Huberdeau 19 (Aleksander Barkov 25, Matt Donovan 15) at 7:42
7. Kings , David Pastrnak 25 (Anze Kopitar 37) at 8:48
Penalties :
Anze Kopitar (L.A) for Goalie Interference (Minor) at 2:53, Zach Parise (N.J) for Hooking (Minor) at 9:23, Wayne Simmonds (L.A) for Tripping (Minor) at 18:26
Goalie Stats
Maxime Daigneault (N.J), 30 saves from 34 shots - (0.882), L, 24-15-5, 58:51 minutes
Andrei Vasilevskiy (L.A), 24 saves from 27 shots - (0.889), W, 10-10-2, 60:00 minutes
Players Stats for Devils
Player Name G A P +/- PIM S H SB GA TA FO MP PP MP PK MP
------------------------------------------------------------------------------------
Aleksander Barkov 0 1 1 1 0 3 0 1 0 0 2/9 15:22 3:18 0:45
Anton Lander 0 0 0 0 2 2 1 0 0 1 2/2 6:49 0:00 1:12
Anton Stralman 0 0 0 0 0 3 1 1 0 3 0/0 22:41 3:08 4:36
Brian McGrattan 0 1 1 -1 2 2 1 0 1 2 0/1 13:24 0:36 1:11
Eric Tangradi 0 0 0 0 0 0 1 1 0 0 0/0 7:40 0:11 1:47
Jamie Arniel 0 1 1 -1 0 0 0 0 0 0 9/16 16:25 0:39 4:08
Jonathan Huberdeau 2 0 2 1 0 4 0 0 0 0 0/0 15:25 3:18 0:52
Kristopher Letang 0 0 0 1 0 1 1 1 0 0 0/0 23:09 6:21 0:52
Marek Svatos 0 0 0 1 0 0 1 0 0 0 0/1 14:08 3:18 0:00
Marian Gaborik 0 0 0 -1 0 2 1 0 0 0 1/2 19:32 5:32 0:00
Matt Donovan 0 2 2 0 0 0 3 4 0 2 0/0 17:16 0:00 4:36
Michael Del Zotto 0 0 0 -1 0 0 1 1 0 0 0/0 25:04 6:21 3:20
Miikka Salomaki 0 0 0 0 0 1 0 0 0 0 0/0 5:32 0:00 0:00
Mike Weber 0 0 0 -1 2 0 1 2 1 0 0/0 16:14 0:00 2:28
Nazem Kadri 0 0 0 -1 0 2 4 1 0 1 11/26 19:32 5:32 0:00
Thomas Hickey 0 1 1 -1 0 0 2 0 0 2 0/0 15:39 3:08 0:00
Tyler Ennis 0 0 0 -1 0 5 0 3 1 1 0/3 22:20 5:32 2:42
Zach Parise 1 0 1 -1 2 2 0 1 0 0 0/1 15:48 0:31 3:15
Players Stats for Kings
Player Name G A P +/- PIM S H SB GA TA FO MP PP MP PK MP
------------------------------------------------------------------------------------
Aaron Ekblad 0 0 0 1 0 3 2 0 0 0 0/0 22:42 2:52 3:31
Andreas Martinsen 0 0 0 0 0 0 0 0 0 0 0/0 7:50 0:00 2:43
Andrej Sekera 0 0 0 0 0 0 0 1 1 0 0/0 13:31 0:00 5:58
Anze Kopitar 0 1 1 0 2 5 2 1 3 0 13/28 24:42 4:37 4:08
Brady Skjei 1 0 1 1 2 3 3 1 2 0 0/0 21:49 5:04 2:49
Byron Bitz 0 0 0 0 0 0 0 0 0 0 0/0 2:45 0:00 0:00
David Pastrnak 1 0 1 0 0 4 1 0 1 0 1/1 16:32 3:19 0:00
Jake Guentzel 0 0 0 0 0 4 0 2 1 1 0/1 16:59 3:19 0:27
Jared Cowen 0 0 0 2 0 0 0 1 1 1 0/0 21:09 0:00 5:58
Joe Thornton 0 1 1 2 0 1 1 0 0 0 0/1 18:19 4:37 0:00
Logan Couture 0 0 0 -1 0 1 2 1 0 0 8/10 15:56 0:00 3:34
Nate Prosser 0 0 0 -1 0 0 0 2 0 0 0/0 5:27 0:00 0:00
Nathan MacKinnon 0 2 2 2 0 1 4 0 1 0 12/16 18:51 3:19 0:04
Patrick Kane 2 0 2 2 0 6 2 2 1 0 1/2 23:07 4:37 4:08
Paul Stastny 0 0 0 -1 0 1 1 0 0 0 0/0 10:21 0:00 0:00
Seth Jones 0 0 0 -1 2 2 0 2 0 0 0/0 21:37 5:04 0:00
Wayne Simmonds 0 0 0 -1 4 3 0 0 1 0 1/2 14:25 0:00 3:54
Will Butcher 0 1 1 0 0 0 0 1 0 1 0/0 14:24 2:52 0:42
3 Stars
1 - Patrick Kane (L.A)
2 - Jonathan Huberdeau (N.J)
3 - Nathan MacKinnon (L.A)
Power Play
Devils - 0 on 5 Attempt(s) - 0.00%
Kings - 0 on 4 Attempt(s) - 0.00%
Penalty Kill
Devils - 4 on 4 Attempt(s) - 100.00%
- Score 0 goal in Penalty Kill
Kings - 5 on 5 Attempt(s) - 100.00%
- Score 0 goal in Penalty Kill
Team Stat
Devils - Hits : 18 - Faceoff Wins : 25 - Blocked Shots : 16 - Penalty Minutes : 8
Kings - Hits : 18 - Faceoff Wins : 36 - Blocked Shots : 14 - Penalty Minutes : 10
Official
Referees : Justin St. Pierre and Chris Schlenker
Linesman : Devin Berg and Tyson Baker
Game Notes
No Game Note
Finance
Level 1 -- Attendance: 6000 (100.00%) -- Ticket Income $600,000
Level 2 -- Attendance: 5000 (100.00%) -- Ticket Income $300,000
Level 3 -- Attendance: 1855 (92.75%) -- Ticket Income $64,925
Level 4 -- Attendance: 3572 (89.30%) -- Ticket Income $89,300
Luxury Box -- Attendance: 970 (97.00%) -- Ticket Income $194,000
Game was played at the Staples Center.
Total Attendance: 17397 (96.65%)
Total Ticket Income: $1,248,225
Other Income: $187,234
Total Income: $1,435,459
Devils
5 vs 5 Forward
Center Left Wing Right Wing Time % Phy DF OF
1 Nazem Kadri Tyler Ennis Marian Gaborik 34 0 2 3
2 Jamie Arniel Zach Parise Brian McGrattan 30 0 3 2
3 Aleksander Barkov Jonathan Huberdeau Marek Svatos 26 0 2 3
4 Anton Lander Eric Tangradi Miikka Salomaki 10 0 2 3
5 vs 5 Defense
Defense Defense Time % Phy DF OF
1 Anton Stralman Kristopher Letang 38 0 3 2
2 Michael Del Zotto Mike Weber 34 0 3 2
3 Matt Donovan Thomas Hickey 28 0 3 2
4 Anton Stralman Kristopher Letang 0 0 3 2
PowerPlay Forward
Center Left Wing Right Wing Time % Phy DF OF
1 Nazem Kadri Tyler Ennis Marian Gaborik 60 0 1 4
2 Aleksander Barkov Jonathan Huberdeau Marek Svatos 40 0 1 4
PowerPlay Defense
Defense Defense Time % Phy DF OF
1 Michael Del Zotto Kristopher Letang 60 0 2 3
2 Anton Stralman Thomas Hickey 40 0 2 3
Penalty Kill 4 Players Forward
Center Wing Time % Phy DF OF
1 Jamie Arniel Zach Parise 60 1 4 0
2 Anton Lander Brian McGrattan 40 1 4 0
Penalty Kill 4 Players Defense
Defense Defense Time % Phy DF OF
1 Anton Stralman Matt Donovan 60 1 4 0
2 Mike Weber Michael Del Zotto 40 1 4 0
Penalty Kill - 3 Players Forward
Forward Time % Phy DF OF
1 Tyler Ennis 60 0 4 1
2 Jamie Arniel 40 0 4 1
Penalty Kill - 3 Players Defense
Defense Defense Time % Phy DF OF
1 Anton Stralman Kristopher Letang 60 1 4 0
2 Michael Del Zotto Mike Weber 40 1 4 0
4 vs 4 Forward
Center Wing Time % Phy DF OF
1 Nazem Kadri Tyler Ennis 60 0 2 3
2 Jamie Arniel Zach Parise 40 0 2 3
4 vs 4 Defense
Defense Defense Time % Phy DF OF
1 Anton Stralman Kristopher Letang 60 0 3 2
2 Michael Del Zotto Mike Weber 40 0 3 2
Last Minutes Offensive
Center Left Wing Right Wing Defense Defense
Nazem Kadri Tyler Ennis Marian Gaborik Michael Del Zotto Kristopher Letang
Last Minutes Defensive
Center Left Wing Right Wing Defense Defense
Jamie Arniel Zach Parise Brian McGrattan Anton Stralman Kristopher Letang
Goaltenders
Starting : Maxime Daigneault
Backup : Thomas McCollum
Extra Forwards
Normal : Jonathan Huberdeau, Zach Parise, Aleksander Barkov - PP : Zach Parise, Jamie Arniel - PK : Tyler Ennis
Extra Defensemen
Normal : Kristopher Letang, Matt Donovan, Mike Weber - PP : Anton Stralman - PK : Kristopher Letang, Matt Donovan
Penalty Shots
Nazem Kadri, Tyler Ennis, Marian Gaborik, Aleksander Barkov, Jamie Arniel
Scratches
Chris Stewart (Healthy), Mark Fistric (Dislocated Patella Injury)
Kings
5 vs 5 Forward
Center Left Wing Right Wing Time % Phy DF OF
1 Nathan MacKinnon Joe Thornton Patrick Kane 35 1 2 2
2 Anze Kopitar Jake Guentzel David Pastrnak 35 1 2 2
3 Logan Couture Paul Stastny Wayne Simmonds 25 1 2 2
4 Anze Kopitar Andreas Martinsen Byron Bitz 5 1 2 2
5 vs 5 Defense
Defense Defense Time % Phy DF OF
1 Brady Skjei Jared Cowen 40 1 2 2
2 Seth Jones Aaron Ekblad 40 1 2 2
3 Andrej Sekera Will Butcher 10 1 2 2
4 Nate Prosser Will Butcher 10 1 2 2
PowerPlay Forward
Center Left Wing Right Wing Time % Phy DF OF
1 Nathan MacKinnon Jake Guentzel David Pastrnak 60 1 2 2
2 Anze Kopitar Joe Thornton Patrick Kane 40 1 2 2
PowerPlay Defense
Defense Defense Time % Phy DF OF
1 Seth Jones Brady Skjei 60 1 2 2
2 Aaron Ekblad Will Butcher 40 1 2 2
Penalty Kill 4 Players Forward
Center Wing Time % Phy DF OF
1 Anze Kopitar Wayne Simmonds 60 0 4 1
2 Logan Couture Patrick Kane 40 0 4 1
Penalty Kill 4 Players Defense
Defense Defense Time % Phy DF OF
1 Jared Cowen Andrej Sekera 60 1 4 0
2 Aaron Ekblad Brady Skjei 40 1 4 0
Penalty Kill - 3 Players Forward
Forward Time % Phy DF OF
1 Anze Kopitar 60 1 4 0
2 Logan Couture 40 1 4 0
Penalty Kill - 3 Players Defense
Defense Defense Time % Phy DF OF
1 Aaron Ekblad Jared Cowen 60 2 3 0
2 Seth Jones Brady Skjei 40 2 3 0
4 vs 4 Forward
Center Wing Time % Phy DF OF
1 Patrick Kane David Pastrnak 60 1 2 2
2 Nathan MacKinnon Jake Guentzel 40 1 2 2
4 vs 4 Defense
Defense Defense Time % Phy DF OF
1 Jared Cowen Seth Jones 60 1 2 2
2 Brady Skjei Aaron Ekblad 40 1 2 2
Last Minutes Offensive
Center Left Wing Right Wing Defense Defense
Anze Kopitar Patrick Kane David Pastrnak Brady Skjei Seth Jones
Last Minutes Defensive
Center Left Wing Right Wing Defense Defense
Anze Kopitar Logan Couture Patrick Kane Jared Cowen Seth Jones
Goaltenders
Starting : Andrei Vasilevskiy
Backup : Cam Talbot
Extra Forwards
Normal : Anze Kopitar, Nathan MacKinnon, Patrick Kane - PP : Joe Thornton, Logan Couture - PK : Patrick Kane
Extra Defensemen
Normal : Will Butcher, Aaron Ekblad, Jared Cowen - PP : Jared Cowen - PK : Aaron Ekblad, Will Butcher
Penalty Shots
Patrick Kane, David Pastrnak, Anze Kopitar, Logan Couture, Jake Guentzel
Scratches
Dan Hamhuis (Healthy), Mikko Rantanen (Abdominal Strain Injury), Pavel Datsyuk (Upper Body Injury)
% Time on Ice - Devils
Lines # - Real PCT - Wanted PCT - Time Play
Normal Forward
1 - 34% - 34% - 14:38
2 - 27% - 30% - 11:41
3 - 25% - 26% - 10:44
4 - 13% - 10% - 5:32
Normal Defense
1 - 38% - 38% - 16:02
2 - 34% - 34% - 14:18
3 - 29% - 28% - 12:15
4 - 0% - 0% - 0:00
PP Forward
1 - 65% - 60% - 6:11
2 - 35% - 40% - 3:18
PP Defense
1 - 67% - 60% - 6:21
2 - 33% - 40% - 3:08
PK Forward
1 - 75% - 60% - 5:57
2 - 25% - 40% - 1:59
PK Defense
1 - 58% - 60% - 4:36
2 - 42% - 40% - 3:20
PK3 Forward
1 - 0% - 60%
2 - 0% - 40%
PK3 Defense
1 - 0% - 60%
2 - 0% - 40%
44 Forward
1 - 0% - 60%
2 - 0% - 40%
44 Defense
1 - 0% - 60%
2 - 0% - 40%
Last Minute Offensive - 0:00
Last Minute Defensive - 0:00
Total
Forward - 60:00
Defense - 60:00
|
% Time on Ice - Kings
Lines # - Real PCT - Wanted PCT - Time Play
Normal Forward
1 - 37% - 35% - 15:52
2 - 32% - 35% - 13:37
3 - 24% - 25% - 10:21
4 - 6% - 5% - 2:45
Normal Defense
1 - 37% - 40% - 15:42
2 - 38% - 40% - 16:19
3 - 12% - 10% - 5:07
4 - 13% - 10% - 5:27
PP Forward
1 - 42% - 60% - 3:19
2 - 58% - 40% - 4:37
PP Defense
1 - 64% - 60% - 5:04
2 - 36% - 40% - 2:52
PK Forward
1 - 85% - 60% - 8:04
2 - 15% - 40% - 1:25
PK Defense
1 - 63% - 60% - 5:58
2 - 37% - 40% - 3:31
PK3 Forward
1 - 0% - 60%
2 - 0% - 40%
PK3 Defense
1 - 0% - 60%
2 - 0% - 40%
44 Forward
1 - 0% - 60%
2 - 0% - 40%
44 Defense
1 - 0% - 60%
2 - 0% - 40%
Last Minute Offensive - 0:00
Last Minute Defensive - 0:00
Total
Forward - 60:00
Defense - 60:00
|
Play-by-Play
1st period
0:01 of 1st period - Nathan MacKinnon wins face-off versus Nazem Kadri in neutral zone.
0:54 of 1st period - Minor Penalty to Wayne Simmonds for Hooking.
0:55 of 1st period - Nazem Kadri wins face-off versus Anze Kopitar in Kings zone.
1:35 of 1st period - Snap shot by Nazem Kadri.
1:35 of 1st period - Stopped by Andrei Vasilevskiy with a rebound.
1:37 of 1st period - Slapshot by Kristopher Letang.
1:37 of 1st period - Stopped by Andrei Vasilevskiy without a rebound.
1:38 of 1st period - Logan Couture wins face-off versus Aleksander Barkov in Kings zone.
2:54 of 1st period - Penalty to Wayne Simmonds is over, Wayne Simmonds is back on ice.
3:43 of 1st period - Brian McGrattan is hit by Logan Couture and loses puck.
4:13 of 1st period - Minor Penalty to Anton Lander for Delaying the game.
4:14 of 1st period - Nathan MacKinnon wins face-off versus Jamie Arniel in Devils zone.
5:08 of 1st period - Off-side.
5:09 of 1st period - Nathan MacKinnon wins face-off versus Tyler Ennis in neutral zone.
5:24 of 1st period - Matt Donovan is hit by Nathan MacKinnon.
6:13 of 1st period - Penalty to Anton Lander is over, Anton Lander is back on ice.
6:18 of 1st period - Wrist shot by Logan Couture.
6:18 of 1st period - Deflect By Paul Stastny.
6:18 of 1st period - Shot Misses the Net.
6:18 of 1st period - Puck is out of play.
6:19 of 1st period - Logan Couture wins face-off versus Aleksander Barkov in Devils zone.
6:26 of 1st period - Wrist shot by Wayne Simmonds.
6:26 of 1st period - Stopped by Maxime Daigneault without a rebound.
6:27 of 1st period - Anze Kopitar wins face-off versus Aleksander Barkov in Devils zone.
6:30 of 1st period - Snap shot by Jake Guentzel.
6:30 of 1st period - Stopped by Maxime Daigneault with a rebound.
7:46 of 1st period - Wrist shot by David Pastrnak.
7:46 of 1st period - Stopped by Maxime Daigneault with a rebound.
7:48 of 1st period - Snap shot by Jake Guentzel.
7:48 of 1st period - Shot Blocked by Anton Stralman.
9:14 of 1st period - Snap shot by Tyler Ennis.
9:14 of 1st period - Stopped by Andrei Vasilevskiy with a rebound.
9:26 of 1st period - Wrist shot by Brian McGrattan.
9:26 of 1st period - Stopped by Andrei Vasilevskiy with a rebound.
9:35 of 1st period - Off-side.
9:36 of 1st period - Anton Lander wins face-off versus Nathan MacKinnon in neutral zone.
9:49 of 1st period - Slapshot by Patrick Kane.
9:49 of 1st period - Stopped by Maxime Daigneault without a rebound.
9:50 of 1st period - David Pastrnak wins face-off versus Nazem Kadri in Devils zone.
9:59 of 1st period - Slapshot by Jake Guentzel.
9:59 of 1st period - Stopped by Maxime Daigneault without a rebound.
10:00 of 1st period - Anze Kopitar wins face-off versus Marian Gaborik in Devils zone.
10:13 of 1st period - Snap shot by Anze Kopitar.
10:13 of 1st period - Stopped by Maxime Daigneault with a rebound.
10:15 of 1st period - Wrist shot by Jake Guentzel.
10:15 of 1st period - Stopped by Maxime Daigneault with a rebound.
10:25 of 1st period - Wrist shot by Anze Kopitar.
10:25 of 1st period - Stopped by Maxime Daigneault with a rebound.
10:29 of 1st period - Wrist shot by David Pastrnak.
10:29 of 1st period - Stopped by Maxime Daigneault without a rebound.
10:30 of 1st period - Nathan MacKinnon wins face-off versus Jamie Arniel in Devils zone.
10:41 of 1st period - Slapshot by Joe Thornton.
10:41 of 1st period - Shot Misses the Net.
10:43 of 1st period - Slapshot by Aaron Ekblad.
10:43 of 1st period - Stopped by Maxime Daigneault with a rebound.
10:47 of 1st period - Slapshot by Patrick Kane.
10:47 of 1st period - Shot Blocked by Matt Donovan.
10:57 of 1st period - Thomas Hickey is hit by Logan Couture and loses puck.
11:06 of 1st period - Wrist shot by Logan Couture.
11:06 of 1st period - Shot Blocked by Matt Donovan.
11:17 of 1st period - Icing by Nazem Kadri.
11:18 of 1st period - Anze Kopitar wins face-off versus Nazem Kadri in Devils zone.
11:23 of 1st period - Snap shot by Anze Kopitar.
11:23 of 1st period - Shot Misses the Net.
11:25 of 1st period - Snap shot by Anze Kopitar.
11:25 of 1st period - Shot Blocked by Matt Donovan.
11:27 of 1st period - Wrist shot by Anze Kopitar.
11:27 of 1st period - Stopped by Maxime Daigneault with a rebound.
11:29 of 1st period - Slapshot by Aaron Ekblad.
11:29 of 1st period - Shot Blocked by Tyler Ennis.
11:31 of 1st period - Snap shot by Jake Guentzel.
11:31 of 1st period - Shot Blocked by Nazem Kadri.
11:33 of 1st period - Slapshot by Aaron Ekblad.
11:33 of 1st period - Shot Blocked by Matt Donovan.
11:35 of 1st period - Wrist shot by Jake Guentzel.
11:35 of 1st period - Stopped by Maxime Daigneault without a rebound.
11:36 of 1st period - Nathan MacKinnon wins face-off versus Brian McGrattan in Devils zone.
12:13 of 1st period - Wrist shot by Tyler Ennis.
12:13 of 1st period - Shot Misses the Net.
12:15 of 1st period - Snap shot by Tyler Ennis.
12:15 of 1st period - Stopped by Andrei Vasilevskiy with a rebound.
12:31 of 1st period - Slapshot by Brady Skjei.
12:31 of 1st period - Stopped by Maxime Daigneault without a rebound.
12:32 of 1st period - Jamie Arniel wins face-off versus Nathan MacKinnon in Devils zone.
12:39 of 1st period - Slapshot by Zach Parise.
12:39 of 1st period - Shot Misses the Net.
13:01 of 1st period - Nazem Kadri is hit by Anze Kopitar and loses puck.
13:26 of 1st period - Wrist shot by Aleksander Barkov.
13:26 of 1st period - Stopped by Andrei Vasilevskiy with a rebound.
14:31 of 1st period - Slapshot by Logan Couture.
14:31 of 1st period - Shot Blocked by Mike Weber.
14:33 of 1st period - Wrist shot by Wayne Simmonds.
14:33 of 1st period - Stopped by Maxime Daigneault with a rebound.
14:35 of 1st period - Slapshot by Seth Jones.
14:35 of 1st period - Deflect By Michael Del Zotto.
14:35 of 1st period - Stopped by Maxime Daigneault with a rebound.
14:53 of 1st period - Mike Weber is hit by Nathan MacKinnon and loses puck.
15:10 of 1st period - Tyler Ennis is hit by Brady Skjei and loses puck.
15:31 of 1st period - Slapshot by Anton Lander.
15:31 of 1st period - Stopped by Andrei Vasilevskiy without a rebound.
15:32 of 1st period - Nathan MacKinnon wins face-off versus Aleksander Barkov in Kings zone.
15:49 of 1st period - Aaron Ekblad is hit by Kristopher Letang and loses puck.
15:56 of 1st period - Jonathan Huberdeau is hit by Nathan MacKinnon and loses puck.
16:59 of 1st period - Wrist shot by Patrick Kane.
16:59 of 1st period - Goal by Patrick Kane - Devils : 0 - Kings : 1.
17:00 of 1st period - Anze Kopitar wins face-off versus Nazem Kadri in neutral zone.
17:27 of 1st period - Thomas Hickey is hit by Paul Stastny and loses puck.
17:36 of 1st period - Wrist shot by Wayne Simmonds.
17:36 of 1st period - Stopped by Maxime Daigneault with a rebound.
17:54 of 1st period - Snap shot by Miikka Salomaki.
17:54 of 1st period - Shot Misses the Net.
17:56 of 1st period - Snap shot by Anton Lander.
17:56 of 1st period - Shot Misses the Net.
19:00 of 1st period - Wayne Simmonds is hit by Nazem Kadri and loses puck.
Goals for this period are 0 for Devils vs 1 for Kings.
Shots for this period are 7 for Devils vs 17 for Kings.
2nd period
0:01 of 2nd period - Anze Kopitar wins face-off versus Nazem Kadri in neutral zone.
0:28 of 2nd period - Snap shot by Jamie Arniel.
0:28 of 2nd period - Shot Blocked by Seth Jones.
1:01 of 2nd period - Wayne Simmonds is hit by Marek Svatos and loses puck.
1:16 of 2nd period - Snap shot by Anze Kopitar.
1:16 of 2nd period - Shot Misses the Net.
1:18 of 2nd period - Snap shot by Jared Cowen.
1:18 of 2nd period - Shot Blocked by Kristopher Letang.
1:20 of 2nd period - Snap shot by Anze Kopitar.
1:20 of 2nd period - Stopped by Maxime Daigneault with a rebound.
1:22 of 2nd period - Slapshot by Brady Skjei.
1:22 of 2nd period - Stopped by Maxime Daigneault with a rebound.
1:24 of 2nd period - Slapshot by Brady Skjei.
1:24 of 2nd period - Shot Blocked by Eric Tangradi.
1:34 of 2nd period - Joe Thornton is hit by Nazem Kadri and loses puck.
1:52 of 2nd period - Nathan MacKinnon is hit by Michael Del Zotto and loses puck.
2:01 of 2nd period - Wrist shot by Marian Gaborik.
2:01 of 2nd period - Stopped by Andrei Vasilevskiy without a rebound.
2:02 of 2nd period - Jamie Arniel wins face-off versus Jake Guentzel in Kings zone.
2:33 of 2nd period - Wrist shot by Aleksander Barkov.
2:33 of 2nd period - Deflect By Seth Jones.
2:33 of 2nd period - Shot Misses the Net.
2:33 of 2nd period - Puck is out of play.
2:34 of 2nd period - Nathan MacKinnon wins face-off versus Aleksander Barkov in Kings zone.
3:09 of 2nd period - Snap shot by Aleksander Barkov.
3:09 of 2nd period - Shot Blocked by Nate Prosser.
3:17 of 2nd period - Slapshot by Aleksander Barkov.
3:17 of 2nd period - Shot Blocked by Will Butcher.
3:48 of 2nd period - Backhand shot by Jonathan Huberdeau.
3:48 of 2nd period - Shot Blocked by Patrick Kane.
4:19 of 2nd period - Snap shot by Patrick Kane.
4:19 of 2nd period - Stopped by Maxime Daigneault without a rebound.
4:20 of 2nd period - Nazem Kadri wins face-off versus Anze Kopitar in Devils zone.
4:20 of 2nd period - Nazem Kadri is hit by Aaron Ekblad.
4:28 of 2nd period - Snap shot by Anton Stralman.
4:28 of 2nd period - Stopped by Andrei Vasilevskiy with a rebound.
4:42 of 2nd period - Minor Penalty to Seth Jones for Boarding.
4:43 of 2nd period - Anze Kopitar wins face-off versus Nazem Kadri in Kings zone.
6:30 of 2nd period - Jared Cowen is hit by Eric Tangradi and loses puck.
6:42 of 2nd period - Penalty to Seth Jones is over, Seth Jones is back on ice.
7:04 of 2nd period - Wrist shot by Nathan MacKinnon.
7:04 of 2nd period - Shot Misses the Net.
7:06 of 2nd period - Slapshot by Aaron Ekblad.
7:06 of 2nd period - Stopped by Maxime Daigneault with a rebound.
7:10 of 2nd period - Wrist shot by Seth Jones.
7:10 of 2nd period - Stopped by Maxime Daigneault without a rebound.
7:11 of 2nd period - Jamie Arniel wins face-off versus Anze Kopitar in Devils zone.
7:22 of 2nd period - Will Butcher is hit by Brian McGrattan and loses puck.
7:35 of 2nd period - Will Butcher is hit by Thomas Hickey and loses puck.
7:41 of 2nd period - Icing by Joe Thornton.
7:42 of 2nd period - Jamie Arniel wins face-off versus Joe Thornton in Kings zone.
7:57 of 2nd period - Minor Penalty to Mike Weber for Hooking.
7:58 of 2nd period - Nathan MacKinnon wins face-off versus Jamie Arniel in Devils zone.
8:05 of 2nd period - Slapshot by Seth Jones.
8:05 of 2nd period - Shot Blocked by Zach Parise.
8:07 of 2nd period - Slapshot by Brady Skjei.
8:07 of 2nd period - Shot Misses the Net.
8:52 of 2nd period - Zach Parise is hit by Brady Skjei and loses puck.
9:53 of 2nd period - Eric Tangradi is hit by Patrick Kane and loses puck.
9:57 of 2nd period - Penalty to Mike Weber is over, Mike Weber is back on ice.
10:04 of 2nd period - Wrist shot by Tyler Ennis.
10:04 of 2nd period - Shot Misses the Net.
10:15 of 2nd period - Icing by Seth Jones.
10:16 of 2nd period - Aleksander Barkov wins face-off versus Logan Couture in Kings zone.
10:17 of 2nd period - Snap shot by Jonathan Huberdeau.
10:17 of 2nd period - Shot Misses the Net.
10:21 of 2nd period - Wrist shot by Jonathan Huberdeau.
10:21 of 2nd period - Stopped by Andrei Vasilevskiy with a rebound.
10:25 of 2nd period - Snap shot by Jonathan Huberdeau.
10:25 of 2nd period - Goal by Jonathan Huberdeau - Devils : 1 - Kings : 1.
10:26 of 2nd period - Nazem Kadri wins face-off versus Anze Kopitar in neutral zone.
10:28 of 2nd period - Off-side.
10:29 of 2nd period - Anze Kopitar wins face-off versus Nazem Kadri in neutral zone.
11:25 of 2nd period - Wrist shot by Nathan MacKinnon.
11:25 of 2nd period - Stopped by Maxime Daigneault without a rebound.
11:26 of 2nd period - Nazem Kadri wins face-off versus Anze Kopitar in Devils zone.
11:52 of 2nd period - Mike Weber is hit by Aaron Ekblad and loses puck.
12:01 of 2nd period - Slapshot by Michael Del Zotto.
12:01 of 2nd period - Shot Blocked by Seth Jones.
12:27 of 2nd period - Wrist shot by Tyler Ennis.
12:27 of 2nd period - Stopped by Andrei Vasilevskiy with a rebound.
12:29 of 2nd period - Snap shot by Nazem Kadri.
12:29 of 2nd period - Stopped by Andrei Vasilevskiy without a rebound.
12:30 of 2nd period - Anze Kopitar wins face-off versus Zach Parise in Kings zone.
12:50 of 2nd period - Minor Penalty to Brian McGrattan for Hooking.
12:51 of 2nd period - Jamie Arniel wins face-off versus Nathan MacKinnon in Devils zone.
14:16 of 2nd period - Anze Kopitar is hit by Anton Stralman and loses puck.
14:28 of 2nd period - Icing by Anze Kopitar.
14:29 of 2nd period - Jamie Arniel wins face-off versus Anze Kopitar in Kings zone.
14:50 of 2nd period - Penalty to Brian McGrattan is over, Brian McGrattan is back on ice.
15:47 of 2nd period - Off-side.
15:48 of 2nd period - Anton Lander wins face-off versus Logan Couture in neutral zone.
15:53 of 2nd period - Snap shot by Miikka Salomaki.
15:53 of 2nd period - Stopped by Andrei Vasilevskiy with a rebound.
16:36 of 2nd period - Snap shot by Nazem Kadri.
16:36 of 2nd period - Shot Blocked by Jake Guentzel.
17:21 of 2nd period - Slapshot by Patrick Kane.
17:21 of 2nd period - Stopped by Maxime Daigneault without a rebound.
17:22 of 2nd period - Nathan MacKinnon wins face-off versus Jamie Arniel in Devils zone.
17:23 of 2nd period - Snap shot by Patrick Kane.
17:23 of 2nd period - Goal by Patrick Kane - Devils : 1 - Kings : 2.
17:24 of 2nd period - Jamie Arniel wins face-off versus Anze Kopitar in neutral zone.
17:35 of 2nd period - Snap shot by Jamie Arniel.
17:35 of 2nd period - Deflect By Zach Parise.
17:35 of 2nd period - Stopped by Andrei Vasilevskiy with a rebound.
18:34 of 2nd period - Andreas Martinsen is hit by Mike Weber and loses puck.
18:53 of 2nd period - Minor Penalty to Brady Skjei for Roughing.
18:54 of 2nd period - Anze Kopitar wins face-off versus Nazem Kadri in Kings zone.
19:21 of 2nd period - Icing by Kristopher Letang.
19:22 of 2nd period - Logan Couture wins face-off versus Aleksander Barkov in Devils zone.
19:47 of 2nd period - Slapshot by Tyler Ennis.
19:47 of 2nd period - Stopped by Andrei Vasilevskiy without a rebound.
19:48 of 2nd period - Anze Kopitar wins face-off versus Tyler Ennis in Kings zone.
19:58 of 2nd period - Icing by Nazem Kadri.
19:59 of 2nd period - Nazem Kadri wins face-off versus Anze Kopitar in Devils zone.
Goals for this period are 1 for Devils vs 1 for Kings.
Shots for this period are 9 for Devils vs 8 for Kings.
3rd period
0:01 of 3rd period - Nazem Kadri wins face-off versus Anze Kopitar in neutral zone.
0:30 of 3rd period - Wrist shot by Patrick Kane.
0:30 of 3rd period - Stopped by Maxime Daigneault with a rebound.
0:36 of 3rd period - Wrist shot by Patrick Kane.
0:36 of 3rd period - Deflect By Logan Couture.
0:36 of 3rd period - Shot Misses the Net.
0:36 of 3rd period - Puck is out of play.
0:37 of 3rd period - Nazem Kadri wins face-off versus Anze Kopitar in Devils zone.
0:53 of 3rd period - Penalty to Brady Skjei is over, Brady Skjei is back on ice.
0:57 of 3rd period - Wayne Simmonds is hit by Nazem Kadri and loses puck.
1:08 of 3rd period - Snap shot by Brady Skjei.
1:08 of 3rd period - Goal by Brady Skjei - Devils : 1 - Kings : 3.
1:09 of 3rd period - Anze Kopitar wins face-off versus Jamie Arniel in neutral zone.
1:31 of 3rd period - Icing by Anze Kopitar.
1:32 of 3rd period - Nazem Kadri wins face-off versus Anze Kopitar in Kings zone.
1:37 of 3rd period - Snap shot by Marian Gaborik.
1:37 of 3rd period - Shot Blocked by Brady Skjei.
1:39 of 3rd period - Wrist shot by Marian Gaborik.
1:39 of 3rd period - Deflect By Nazem Kadri.
1:39 of 3rd period - Shot Misses the Net.
1:39 of 3rd period - Puck is out of play.
1:40 of 3rd period - Nazem Kadri wins face-off versus Nathan MacKinnon in Kings zone.
1:41 of 3rd period - Slapshot by Tyler Ennis.
1:41 of 3rd period - Shot Misses the Net.
1:43 of 3rd period - Snap shot by Tyler Ennis.
1:43 of 3rd period - Shot Misses the Net.
2:03 of 3rd period - Slapshot by Nazem Kadri.
2:03 of 3rd period - Shot Misses the Net.
2:21 of 3rd period - Snap shot by Tyler Ennis.
2:21 of 3rd period - Stopped by Andrei Vasilevskiy without a rebound.
2:22 of 3rd period - Jamie Arniel wins face-off versus Anze Kopitar in Kings zone.
2:23 of 3rd period - Snap shot by Brian McGrattan.
2:23 of 3rd period - Stopped by Andrei Vasilevskiy with a rebound.
2:27 of 3rd period - Wrist shot by Zach Parise.
2:27 of 3rd period - Shot Misses the Net.
2:29 of 3rd period - Slapshot by Brian McGrattan.
2:29 of 3rd period - Shot Misses the Net.
2:31 of 3rd period - Snap shot by Zach Parise.
2:31 of 3rd period - Goal by Zach Parise - Devils : 2 - Kings : 3.
2:32 of 3rd period - Jamie Arniel wins face-off versus Anze Kopitar in neutral zone.
2:37 of 3rd period - Snap shot by Jamie Arniel.
2:37 of 3rd period - Shot Misses the Net.
2:53 of 3rd period - Minor Penalty to Anze Kopitar for Goalie Interference.
2:54 of 3rd period - Patrick Kane wins face-off versus Nazem Kadri in Kings zone.
3:37 of 3rd period - Snap shot by Logan Couture.
3:37 of 3rd period - Stopped by Maxime Daigneault without a rebound.
3:38 of 3rd period - Logan Couture wins face-off versus Nazem Kadri in Devils zone.
4:04 of 3rd period - Icing by Aleksander Barkov.
4:05 of 3rd period - Aleksander Barkov wins face-off versus Patrick Kane in Devils zone.
4:10 of 3rd period - Snap shot by Anton Stralman.
4:10 of 3rd period - Stopped by Andrei Vasilevskiy with a rebound.
4:12 of 3rd period - Slapshot by Jonathan Huberdeau.
4:12 of 3rd period - Shot Misses the Net.
4:14 of 3rd period - Slapshot by Anton Stralman.
4:14 of 3rd period - Shot Blocked by Andrej Sekera.
4:16 of 3rd period - Wrist shot by Aleksander Barkov.
4:16 of 3rd period - Stopped by Andrei Vasilevskiy with a rebound.
4:18 of 3rd period - Snap shot by Anton Stralman.
4:18 of 3rd period - Stopped by Andrei Vasilevskiy without a rebound.
4:19 of 3rd period - Marian Gaborik wins face-off versus Wayne Simmonds in Kings zone.
4:22 of 3rd period - Snap shot by Nazem Kadri.
4:22 of 3rd period - Shot Blocked by Jared Cowen.
4:24 of 3rd period - Snap shot by Marian Gaborik.
4:24 of 3rd period - Shot Misses the Net.
4:53 of 3rd period - Penalty to Anze Kopitar is over, Anze Kopitar is back on ice.
5:27 of 3rd period - Kristopher Letang is hit by Anze Kopitar and loses puck.
6:43 of 3rd period - Snap shot by Jamie Arniel.
6:43 of 3rd period - Shot Misses the Net.
6:45 of 3rd period - Slapshot by Michael Del Zotto.
6:45 of 3rd period - Deflect By Brian McGrattan.
6:45 of 3rd period - Shot Misses the Net.
6:45 of 3rd period - Puck is out of play.
6:46 of 3rd period - Nathan MacKinnon wins face-off versus Nazem Kadri in Kings zone.
6:46 of 3rd period - Nathan MacKinnon is hit by Matt Donovan.
7:20 of 3rd period - Thomas Hickey is hit by Nathan MacKinnon.
7:38 of 3rd period - Slapshot by Matt Donovan.
7:38 of 3rd period - Shot Blocked by Patrick Kane.
7:40 of 3rd period - Wrist shot by Aleksander Barkov.
7:40 of 3rd period - Deflect By Patrick Kane.
7:40 of 3rd period - Stopped by Andrei Vasilevskiy with a rebound.
7:42 of 3rd period - Wrist shot by Jonathan Huberdeau.
7:42 of 3rd period - Goal by Jonathan Huberdeau - Devils : 3 - Kings : 3.
7:43 of 3rd period - Nathan MacKinnon wins face-off versus Tyler Ennis in neutral zone.
7:57 of 3rd period - David Pastrnak is hit by Marian Gaborik and loses puck.
8:21 of 3rd period - Will Butcher is hit by Matt Donovan and loses puck.
8:39 of 3rd period - Snap shot by Paul Stastny.
8:39 of 3rd period - Stopped by Maxime Daigneault without a rebound.
8:40 of 3rd period - Anze Kopitar wins face-off versus Nazem Kadri in Devils zone.
8:48 of 3rd period - Slapshot by David Pastrnak.
8:48 of 3rd period - Goal by David Pastrnak - Devils : 3 - Kings : 4.
8:49 of 3rd period - Nazem Kadri wins face-off versus Anze Kopitar in neutral zone.
8:52 of 3rd period - Snap shot by Tyler Ennis.
8:52 of 3rd period - Shot Misses the Net.
8:54 of 3rd period - Snap shot by Marian Gaborik.
8:54 of 3rd period - Shot Blocked by Anze Kopitar.
8:56 of 3rd period - Snap shot by Nazem Kadri.
8:56 of 3rd period - Shot Misses the Net.
8:58 of 3rd period - Snap shot by Marian Gaborik.
8:58 of 3rd period - Shot Misses the Net.
9:16 of 3rd period - Slapshot by Jamie Arniel.
9:16 of 3rd period - Shot Misses the Net.
9:23 of 3rd period - Minor Penalty to Zach Parise for Hooking.
9:24 of 3rd period - Nathan MacKinnon wins face-off versus Jamie Arniel in Devils zone.
9:51 of 3rd period - Anton Stralman is hit by Brady Skjei and loses puck.
10:28 of 3rd period - Jonathan Huberdeau is hit by Joe Thornton and loses puck.
10:37 of 3rd period - Snap shot by Anze Kopitar.
10:37 of 3rd period - Shot Blocked by Michael Del Zotto.
10:39 of 3rd period - Slapshot by Brady Skjei.
10:39 of 3rd period - Shot Blocked by Mike Weber.
10:41 of 3rd period - Slapshot by Aaron Ekblad.
10:41 of 3rd period - Stopped by Maxime Daigneault with a rebound.
10:43 of 3rd period - Snap shot by Joe Thornton.
10:43 of 3rd period - Shot Misses the Net.
10:45 of 3rd period - Slapshot by Anze Kopitar.
10:45 of 3rd period - Stopped by Maxime Daigneault with a rebound.
11:06 of 3rd period - Matt Donovan is hit by Patrick Kane and loses puck.
11:23 of 3rd period - Penalty to Zach Parise is over, Zach Parise is back on ice.
11:47 of 3rd period - Snap shot by Jonathan Huberdeau.
11:47 of 3rd period - Stopped by Andrei Vasilevskiy without a rebound.
11:48 of 3rd period - Logan Couture wins face-off versus Nazem Kadri in Kings zone.
12:47 of 3rd period - Snap shot by Zach Parise.
12:47 of 3rd period - Shot Blocked by Logan Couture.
12:50 of 3rd period - Icing by Wayne Simmonds.
12:51 of 3rd period - Logan Couture wins face-off versus Jamie Arniel in Kings zone.
13:08 of 3rd period - Slapshot by Nazem Kadri.
13:08 of 3rd period - Shot Misses the Net.
13:10 of 3rd period - Snap shot by Marian Gaborik.
13:10 of 3rd period - Deflect By Nazem Kadri.
13:10 of 3rd period - Deflect By David Pastrnak.
13:10 of 3rd period - Shot Blocked by Jake Guentzel.
13:10 of 3rd period - Puck is out of play.
13:11 of 3rd period - Wayne Simmonds wins face-off versus Nazem Kadri in Kings zone.
16:08 of 3rd period - Slapshot by Seth Jones.
16:08 of 3rd period - Shot Blocked by Tyler Ennis.
16:10 of 3rd period - Snap shot by Patrick Kane.
16:10 of 3rd period - Shot Blocked by Tyler Ennis.
16:18 of 3rd period - Patrick Kane is hit by Matt Donovan and loses puck.
16:33 of 3rd period - Snap shot by Joe Thornton.
16:33 of 3rd period - Stopped by Maxime Daigneault without a rebound.
16:34 of 3rd period - Logan Couture wins face-off versus Aleksander Barkov in Devils zone.
16:47 of 3rd period - Snap shot by Logan Couture.
16:47 of 3rd period - Shot Blocked by Aleksander Barkov.
17:01 of 3rd period - Nate Prosser is hit by Anton Lander and loses puck.
17:06 of 3rd period - Slapshot by Miikka Salomaki.
17:06 of 3rd period - Deflect By Anton Lander.
17:06 of 3rd period - Stopped by Andrei Vasilevskiy with a rebound.
17:08 of 3rd period - Slapshot by Mike Weber.
17:08 of 3rd period - Shot Blocked by Nate Prosser.
17:56 of 3rd period - Matt Donovan is hit by David Pastrnak and loses puck.
18:11 of 3rd period - Snap shot by David Pastrnak.
18:11 of 3rd period - Stopped by Maxime Daigneault with a rebound.
18:13 of 3rd period - Slapshot by Aaron Ekblad.
18:13 of 3rd period - Deflect By Anze Kopitar.
18:13 of 3rd period - Deflect By Tyler Ennis.
18:13 of 3rd period - Shot Misses the Net.
18:13 of 3rd period - Puck is out of play.
18:14 of 3rd period - Logan Couture wins face-off versus Marek Svatos in Devils zone.
18:26 of 3rd period - Minor Penalty to Wayne Simmonds for Tripping.
18:27 of 3rd period - Nazem Kadri wins face-off versus Anze Kopitar in Kings zone.
18:33 of 3rd period - Snap shot by Marian Gaborik.
18:33 of 3rd period - Stopped by Andrei Vasilevskiy without a rebound.
18:34 of 3rd period - Anze Kopitar wins face-off versus Nazem Kadri in Kings zone.
18:34 of 3rd period - Anze Kopitar is hit by Nazem Kadri.
18:51 of 3rd period - Devils, Maxime Daigneault is pulled from the net.
19:33 of 3rd period - Jake Guentzel is hit by Thomas Hickey and loses puck.
Goals for this period are 2 for Devils vs 2 for Kings.
Shots for this period are 11 for Devils vs 9 for Kings.